 Dungeon Crawl Stone Soup version 0.22-a0-322-g60b3cfd (webtiles) character file.

26 galech the Ruffian (level 2, 0/29 HPs)
             Began as a Troll Monk on Apr 5, 2018.
             Slain by a centaur (10 damage)
             ... on level 2 of the Dungeon.
             The game lasted 00:01:21 (592 turns).

galech the Ruffian (Troll Monk)                      Turns: 592, Time: 00:01:22

Health: 0/29       AC:  5    Str: 18    XL:     2   Next: 89%
Magic:  1/1        EV: 10    Int:  6    God:
Gold:   61         SH:  0    Dex: 12    Spells: 1/1 levels left

rFire    . . .     SeeInvis .     - Unarmed
rCold    . . .     Gourm    +   (no shield)
rNeg     . . .     Faith    .   a - +0 robe
rPois    .         Spirit   .   (helmet restricted)
rElec    .         Reflect  .   (no cloak)
rCorr    .         Harm     .   (gloves unavailable)
MR       .....                  (boots unavailable)
Stlth    ++........             (no amulet)
HPRegen  0.49/turn              (no ring)
MPRegen  0.07/turn              (no ring)

@: no status effects
A: large, unfitting armour, claws 3, fast metabolism 3, gourmand, regeneration
1, shaggy fur 1, tough skin 2
a: no special abilities


You were on level 2 of the Dungeon.
You were completely stuffed.

You visited 1 branch of the dungeon, and saw 2 of its levels.

You collected 61 gold pieces.

Inventory:

Armour
 a - a +0 robe (worn)
Scrolls
 d - a scroll of amnesia {unknown}
 e - 2 scrolls of identify {unknown}
 f - a scroll of teleportation {unknown}
Potions
 c - a potion of agility {unknown}
Comestibles
 b - 3 rations
 g - 2 chunks of flesh


   Skills:
 + Level 2.7 Fighting
 + Level 2.7 Dodging
 - Level 1.0 Stealth
 * Level 3.5 Unarmed Combat


You had one spell level left.
You didn't know any spells.

Dungeon Overview and Level Annotations

Branches:
Dungeon (2/15)

Altars:


Innate Abilities, Weirdness & Mutations

You are too large for most types of armour.
You have claws for hands.
Your metabolism is lightning-fast.
You like to eat raw meat.
Your natural rate of healing is unusually fast.
You are covered in fur. (AC +1)
You have very tough skin. (AC +2)


Message History

a whip; a kobold corpse You are too injured to fight recklessly!
You are too injured to fight recklessly!
You are too injured to fight recklessly!
You are too injured to fight recklessly!
You are too injured to fight recklessly!
You are too injured to fight recklessly!
You are too injured to fight recklessly!
You scratch the centaur.
The centaur is lightly wounded.
The centaur closely misses you.
You closely miss the centaur. You claw the centaur.
The centaur is lightly wounded.
The centaur barely misses you.
The centaur hits you but does no damage.
You scratch the centaur but do no damage.
Your claw misses the centaur.
The centaur is lightly wounded.
The centaur hits you!
You die...

.... ... ... #
.. .. #+#+##.#
.## #......#
....
..#....c.#.....
......>@.......
....#..<.......
.............##
....#..........
.............##
.......(.......
......####.#...
..#... .####
>.#..# ..


You could see a centaur.

Vanquished Creatures
  A gnoll (D:1)
  3 goblins (D:1)
  2 jackals (D:1)
  2 kobolds
  3 bats (D:1)
  A frilled lizard (D:1)
  5 rats (D:1)
17 creatures vanquished.

Notes
Turn   | Place    | Note
-------+----------+-------------------------------------------
     0 | D:1      | galech the Troll Monk began the quest for the Orb.
     0 | D:1      | Reached XP level 1. HP: 22/22 MP: 0/0
    15 | D:1      | Reached XP level 2. HP: 17/29 MP: 1/1
   541 | D:2      | Noticed a centaur
   592 | D:2      | Slain by a centaur

Vault maps used:
D:1:      saegor_arrival_simple_f
D:2:      chequers_temple_overflow_statue_of_worship, hangedman_feature_mirror

Action                   || total
-------------------------++-------
Melee: Unarmed           ||    40
       Punch             ||     2
 Stab: Sleeping          ||     2
  Eat: Chunk             ||    11
Armor: Robe              ||    15
Dodge: Dodged            ||    19

Table legend:
 A = Spawn XP
 B = Non-spawn XP
 C = Spawn XP percentage of total XP
 D = Spawn monster count
 E = Non-spawn monster count
 F = Spawn count percentage of total count
 G = Total turns spent on level
                    A         B        C        D         E        F      G
               +---------+---------+-------+---------+---------+-------+---------
         Total |       0 |      38 |   0.0 |       0 |      17 |   0.0 |   592
               +---------+---------+-------+---------+---------+-------+---------
           D:1 |       0 |      36 |   0.0 |       0 |      16 |   0.0 |   584
           D:2 |       0 |       2 |   0.0 |       0 |       1 |   0.0 |     8
               +---------+---------+-------+---------+---------+-------+---------
